 Seeded DCSS version 0.28-a0-643-g84cb2ea78e (webtiles) character file.

Game seed: 20211011 (custom seed)

1293 a11behringer the Carver (level 8, -7/69 HPs)
             Began as a Minotaur Fighter on Oct 11, 2021.
             Was a High Priest of Ignis.
             Killed from afar by an orc wizard (8 damage)
             ... with a magic dart
             ... on level 6 of the Dungeon.
             The game lasted 00:19:34 (5618 turns).

a11behringer the Carver (Minotaur Fighter)          Turns: 5618, Time: 00:19:37

Health: -7/69      AC:  7    Str: 21    XL:     8   Next: 30%
Magic:  7/7        EV: 14    Int:  5    God:    Ignis [*****.]
Gold:   201        SH:  5    Dex: 12    Spells: 7/7 levels left

rFire   + . .      SeeInvis .   a - +0 long sword (freeze)
rCold   . . .      Faith    .   c - +0 buckler
rNeg    . . .      Spirit   .   b - +0 scale mail
rPois   .          Reflect  .   (helmet restricted)
rElec   .          Harm     .   (no cloak)
rCorr   .          Rampage  .   (no gloves)
Will    .....                   (no boots)
Stlth   ..........              (no amulet)
HPRegen 0.21/turn               s - +4 ring of evasion
MPRegen 0.10/turn               (no ring)

@: no status effects
A: horns 2, retaliatory headbutt
a: Renounce Religion, Sea of Fire, Foxfire Swarm, Rising Flame


You were on level 6 of the Dungeon.
You worshipped Ignis.
Ignis was extremely pleased with you.
You visited 1 branch of the dungeon, and saw 6 of its levels.

You collected 201 gold pieces.

Inventory:

Hand Weapons
 a - a +0 long sword of freezing (weapon)
 q - a +1 hunting sling of freezing
 t - a +3 trident of venom
Missiles
 h - 3 datura-tipped darts (quivered)
 n - 27 bolts
 r - 157 stones
 w - a throwing net
 x - 38 sling bullets
Armour
 b - a +0 scale mail (worn)
 c - a +0 buckler (worn)
 o - a +0 plate armour
Magical Staves
 p - a staff of fire
Jewellery
 s - a +4 ring of evasion (left hand)
Wands
 g - a wand of flame (15)
 y - a wand of polymorph (7)
Scrolls
 k - a scroll of acquirement
 z - a scroll of blinking {unknown}
 A - a scroll of enchant weapon {unknown}
Potions
 d - a potion of might
 e - 2 potions of lignification
 f - a potion of invisibility {unknown}
 i - a potion of ambrosia {unknown}
 j - 2 potions of curing {unknown}
 l - a potion of degeneration
 m - a potion of haste
 u - 3 potions of attraction
 v - a potion of heal wounds {unknown}


   Skills:
 + Level 5.4 Fighting
 * Level 9.2 Long Blades
 - Level 0.5 Throwing
 + Level 6.6 Armour
 + Level 2.2 Dodging
 - Level 4.8 Shields


You had 7 spell levels left.
You didn't know any spells.
Your spell library contained the following spells:

 Spells                   Type           Power      Damage    Failure   Level
 Corpse Rot               Necr/Air       N/A        N/A       89%         2
 Poisonous Vapours        Pois/Air       0%         N/A       89%         2


Dungeon Overview and Level Annotations

Branches:
Dungeon (6/15)
 Temple: D:4-7

Altars:
Ashenzari
Cheibriados
Elyvilon
Fedhas
Qazlal
Sif Muna
Wu Jian
Ignis

Shops:
D:4 (   D:5 ([*


Innate Abilities, Weirdness & Mutations

You have a pair of horns on your head.
You reflexively headbutt those who attack you in melee.


Message History

You climb downwards.
Found a scroll labelled SUVEFUNARU.
There is a stone staircase leading up here.
Found a ring mail.
The shadow slips into darkness.
The shadow flickers and vanishes!
Deactivating autopickup; reactivate with Ctrl-A.
Found a scroll of teleportation.
The shadow strikes at you from the darkness!
Reactivating autopickup.
You hear an angry hiss.
You closely miss the shadow.
You headbutt the shadow, but do no damage.
The shadow hits you.
You hit the shadow. Your headbutt misses the shadow.
The shadow is lightly damaged.
An orc wizard comes into view. It is wielding a +0 dagger of flaming.
The shadow slips into darkness.
The shadow flickers and vanishes!
Deactivating autopickup; reactivate with Ctrl-A.
An iguana comes into view.
You closely miss something.
The shadow strikes at you from the darkness!
Reactivating autopickup.
You hit the shadow but do no damage.
The shadow is lightly damaged.
The shadow hits you.
You hit the shadow but do no damage.
The shadow is lightly damaged.
The shadow slips into darkness.
The shadow flickers and vanishes!
Deactivating autopickup; reactivate with Ctrl-A.
You closely miss something. Your headbutt misses something.
You barely miss something. You headbutt something.
The shadow strikes at you from the darkness!
* * * LOW HITPOINT WARNING * * *
Reactivating autopickup.
The orc wizard gestures at you while chanting.
The magic dart hits you!
You die...

.......... ..
........###.#
......[....
##........###
.?......#...
###........
#...Wl..#
#....@o.#
#.#.....#
#...#.##
#.?....#.<#
#..#...##.#
....#...##.#
... ######..
.# ###. #


You could see a shadow, an iguana and an orc wizard.

Vanquished Creatures
  Menkaure (D:4)
  A necrophage (D:5)
  2 ice beasts (D:5)
  3 black bears
  A phantom (D:4)
  Blork the orc (D:4)
  A centaur zombie (D:5)
  A hound (D:5)
  A gnoll shaman (D:5)
  An orc priest (D:5)
  A bullfrog skeleton (D:5)
  Ijyb (D:5)
  5 orc wizards
  A hound skeleton (D:5)
  A mummy (D:4)
  4 gnolls (D:5)
  5 adders
  2 ufetubi (D:5)
  An adder zombie (D:5)
  2 worms
  A dart slug (D:2)
  11 orcs
  11 endoplasms
  2 giant cockroaches
  5 goblins
  A hobgoblin (D:4)
  2 quokkas
  5 ball pythons
  A bat (D:3)
  2 frilled lizards
  5 kobolds
  5 rats
87 creatures vanquished.

Vanquished Creatures (others)
  11 foxfires (D:4)
11 creatures vanquished.

Grand Total: 98 creatures vanquished

Notes
Turn   | Place    | Note
-------+----------+-------------------------------------------
     0 | D:1      | a11behringer the Minotaur Fighter began the quest for the
                  | Orb.
     0 | D:1      | Reached XP level 1. HP: 19/19 MP: 0/0
   476 | D:1      | Found a faded altar of an unknown god.
   482 | D:1      | Prayed at the altar of an unknown god.
   482 | D:1      | Became a worshipper of Ignis, the Dying Flame
   819 | D:2      | Reached XP level 2. HP: 27/27 MP: 1/1
   963 | D:2      | Reached skill level 3 in Long Blades
  1052 | D:2      | Reached XP level 3. HP: 33/33 MP: 2/2
  1580 | D:3      | Found a shimmering blue altar of Sif Muna.
  1761 | D:3      | Reached XP level 4. HP: 20/40 MP: 3/3
  2008 | D:3      | Reached skill level 4 in Long Blades
  2308 | D:4      | Found a snail-covered altar of Cheibriados.
  2331 | D:4      | Noticed a black bear
  2338 | D:4      | Killed a black bear
  2339 | D:4      | Reached skill level 5 in Long Blades
  2339 | D:4      | Reached XP level 5. HP: 30/47 MP: 4/4
  2491 | D:4      | Found a blossoming altar of Fedhas.
  2515 | D:4      | Found a white marble altar of Elyvilon.
  2515 | D:4      | Found an ornate altar of the Wu Jian Council.
  2531 | D:4      | Identified a scroll of acquirement
  2716 | D:4      | Noticed Blork the orc
  2729 | D:4      | Killed Blork the orc
  2730 | D:4      | Reached skill level 5 in Armour
  2730 | D:4      | Reached skill level 1 in Dodging
  2730 | D:4      | Reached XP level 6. HP: 16/53 MP: 5/5
  2994 | D:4      | Found Viskat's Weapon Emporium.
  3204 | D:4      | Noticed Menkaure
  3593 | D:4      | Reached skill level 6 in Long Blades
  3758 | D:4      | Reached XP level 7. HP: 41/60 MP: 6/6
  3950 | D:4      | Noticed a water elemental
  3952 | D:4      | Found a stormy altar of Qazlal.
  3956 | D:4      | Noticed a fire elemental
  3957 | D:4      | Noticed an air elemental
  4136 | D:4      | Killed Menkaure
  4137 | D:4      | Reached skill level 7 in Long Blades
  4326 | D:5      | Entered Level 5 of the Dungeon
  4520 | D:5      | Noticed Ijyb
  4530 | D:5      | Killed Ijyb
  4531 | D:5      | Reached skill level 5 in Fighting
  4535 | D:5      | Reached skill level 8 in Long Blades
  4724 | D:5      | Found Taunep's Distillery.
  4725 | D:5      | Found Suosmet's Antique Weapon Boutique.
  4778 | D:5      | Found Piurhoed's General Store.
  4791 | D:5      | Found Tuxkeix's Antique Armour Boutique.
  5006 | D:5      | Reached XP level 8. HP: 54/68 MP: 7/7
  5204 | D:5      | Reached skill level 9 in Long Blades
  5209 | D:5      | Found a broken altar of Ashenzari.
  5618 | D:6      | HP: 1/69 [something (27)]
  5618 | D:6      | Killed from afar by an orc wizard

Illustrated notes

Levels and vault maps discovered:
D:1:      eino_arrival_water_star, layout_basic, chequers_ecumenical_altar_lobes
D:2:      layout_rooms, minmay_misc_feat_x, minmay_misc_feat_tower
D:3:      layout_rooms, lemuel_blue_sif_altar
D:4:      black_bear_nest_2, layout_loops_ring, slow_altar_2,
          nicolae_qazlal_style_of_elements, mainiacjoe_overflow_surrounded_room,
          gammafunk_temple_overflow_elements, minmay_misc_feat_encased,
          nicolae_take_the_stairs, uniq_blork_the_orc, uniq_menkaure
D:5:      layout_loops_ring, nicolae_ashenzari_skybound,
          minmay_shop_grid_forest, uniq_ijyb
D:6:      layout_rooms, marbit_many_paths, vehumet_statue,
          gammafunk_ghost_necromancy

Skill      XL: |  1  2  3  4  5  6  7  8 |
---------------+-------------------------+-----
Armour         | 4 5 6 |  6.6
Shields        | 4 |  4.8
Long Blades    | 3 5 6 8 9 |  9.2
Fighting       | 4 5 |  5.4
Dodging        | 1 2 |  2.2
Throwing       | |  0.5

Action                   |  1- 3 |  4- 6 |  7- 9 || total
-------------------------+-------+-------+-------++-------
Melee: Long sword        |    69 |    77 |   104 ||   250
       Headbutt          |    14 |     9 |    21 ||    44
Throw: Dart              |       |     4 |       ||     4
Invok: Foxfire Swarm     |       |     1 |       ||     1
  Use: Scroll            |     1 |     7 |     2 ||    10
       Potion            |       |       |     1 ||     1
Armor: Scale mail        |    29 |    27 |    27 ||    83
       Skin              |       |       |    13 ||    13
Dodge: Dodged            |    29 |    48 |    53 ||   130
Block: Buckler           |    13 |    22 |    23 ||    58

Table legend: (Time is in decaauts)
 A = Elapsed time spent in this place.
 B = Non-inter-level travel time spent in this place.
 C = Inter-level travel time spent in this place.
 D = Time resting spent in this place.
 E = Time spent auto-exploring this place.
 F = Levels seen in this place.
 G = Mean time per level.
                   A        B        C        D        E       F      G
               +--------+--------+--------+--------+--------+-----+--------+
         Total |   5647 |   4611 |   1036 |      0 |   3865 |   6 |  941.2 |
       Dungeon |   5647 |   4611 |   1036 |      0 |   3865 |   6 |  941.2 |
               +--------+--------+--------+--------+--------+-----+--------+

Top non-repeatable levels by time:
     D:4: 1829 daAuts
     D:5: 1275 daAuts
     D:3: 1108 daAuts
     D:1: 812 daAuts
     D:2: 612 daAuts
     D:6: 9 daAuts
